AoeStats
← ChiFutbol

Arabia

509471799Analyzed
1v1 RM · 7d ago on Sep 26, 2026· 32m 16s· 2 players
Game mode
Random Map
Map size
Tiny (2 player)
Population
200
Speed
Normal
Resources
Standard
Victory
Conquest
Starting age
Dark Age
Ending age
Imperial Age
RankedLock teamsTeams togetherTeam positionsShared explorationLock speedFull tech treeHidden civsTurbo modeCheats
Victory
Defeat
🇨🇴 Bohemians · Colombia
1075
+17
🇺🇸 Hindustanis · United States
1093
-17
andres.sojo2809
4:25 Loom
10:40 Feudal Age
11:59 Man-at-Arms
14:50 Scale Mail Armor
22:40 Castle Age
20:55 Horse Collar
22:24 Forging
22:03 Arson
22:28 Fletching
24:11 Iron Casting
23:32 Double-Bit Axe
24:20 Heavy Plow
24:06 Long Swordsman
28:03 Town Watch
28:56 Wheelbarrow
30:51 Bodkin Arrow
ChiFutbol
7:11 Loom
9:46 Feudal Age
10:26 Double-Bit Axe
10:22 Horse Collar
19:20 Wheelbarrow
21:53 Castle Age
20:54 Stone Mining
20:55 Man-at-Arms
22:12 Scale Barding Armor
22:33 Forging
23:25 Husbandry
23:38 Bloodlines
23:48 Bow Saw
26:55 Padded Archer Armor
28:28 Leather Archer Armor
28:32 Hand Cart
30:27 Crossbowman
31:13 Thumb Ring
34:11 Imperial Age
Connection lost

Rejoining the realm…

Still unreachable

The connection could not be restored.

Session expired

The server has moved on; the page needs a fresh start.